Barracuda vs Punishers
Created - April 18, 2023 at 20:31
Goals
|
| Barracuda |
0 |
1 |
1 |
2 |
| Punishers |
0 |
1 |
3 |
4 |
|
Shots
|
| Barracuda |
10 |
9 |
13 |
32 |
| Punishers |
11 |
13 |
10 |
34 |
|
1st period
No Goal
Penalties :
Logan Stanley (S.J) for High sticking (Minor) at 10:20, Chris Wagner (S.J) for Interference (Minor) at 15:02
2nd period
1. Punishers , Ben Betker 5 (Oskar Lindblom 18) at 10:08
2. Barracuda , Chris Wagner 11 (Cole Ully 28, Kyle Platzer 16) at 12:25
Penalties :
William Carrier (S.J) for Cross-checking (Minor) at 1:08, Scott Harrington (S.J) for Cross-checking (Minor) at 17:10, Kevin Roy (Pro) for Holding (Minor) at 19:23
3rd period
3. Barracuda , Cole Ully 27 (Emil Pettersson 51) at 1:27
4. Punishers , Phillip Danault 23 (Radek Faksa 59) at 4:00
5. Punishers , Ben Betker 6 (Corey Tropp 46, Phillip Danault 28) at 4:56
6. Punishers , Anton Blidh 11 (Fredrik Claesson 22, Noah Juulsen 23) at 15:55
Penalties :
William Carrier (S.J) for Hooking (Minor) at 4:59, Logan Stanley (S.J) for Close Hand On Puck (Minor) at 7:14, Austen Brassard (Pro) for Hooking (Minor) at 9:41, William Carrier (S.J) for Diving (Minor) at 12:21
Goalie Stats
Joni Ortio (S.J), 30 saves from 34 shots - (0.882), L, 13-10-2, 60:00 minutes
Daniel Altshuller (Pro), 30 saves from 32 shots - (0.938), W, 8-8-4, 60:00 minutes
Players Stats for Barracuda
Player Name G A P +/- PIM S H SB GA TA FO MP PP MP PK MP
------------------------------------------------------------------------------------
Alex Henriksson 0 0 0 -2 0 1 1 1 0 0 0/0 10:00 0:00 3:29
Brandon Kozun 0 0 0 0 0 2 0 1 2 1 0/2 16:36 2:21 0:00
Chris Wagner 1 0 1 1 2 1 1 0 0 0 0/0 10:40 0:00 0:00
Cole Ully 1 1 2 0 0 2 2 0 0 0 0/0 11:10 0:00 0:27
Emil Pettersson 0 1 1 0 0 1 1 0 0 0 20/46 24:29 2:21 7:25
Eric Gustafsson 0 0 0 0 0 4 1 1 1 1 0/0 29:25 2:53 8:22
Jerome Gauthier-Leduc 0 0 0 1 0 1 0 2 0 1 0/0 9:50 0:00 0:32
Justin Shugg 0 0 0 -1 0 0 1 2 0 0 0/1 15:34 1:37 3:56
Kurtis Macdermid 0 0 0 0 0 6 0 1 0 0 0/0 15:52 1:37 3:31
Kyle Platzer 0 1 1 1 0 3 1 0 0 0 3/8 11:58 0:00 1:30
Logan Stanley 0 0 0 1 4 0 3 0 0 0 0/0 10:17 0:00 0:44
Mario Lucia 0 0 0 -2 0 1 0 0 0 0 0/0 5:46 0:00 0:00
Noah Gregor 0 0 0 -2 0 4 1 0 1 0 2/4 10:18 0:00 3:31
Robin Norell 0 0 0 -3 0 1 2 0 0 1 0/0 22:00 1:05 6:14
Samuel Groulx 0 0 0 -3 0 1 0 0 1 0 0/0 20:50 1:05 4:59
Scott Harrington 0 0 0 0 2 1 3 4 0 0 0/0 28:04 2:53 6:55
Theodor Blueger 0 0 0 -1 0 1 2 1 0 0 3/9 11:25 1:37 0:00
William Carrier 0 0 0 0 6 2 4 0 1 0 0/1 21:46 2:21 3:57
Players Stats for Punishers
Player Name G A P +/- PIM S H SB GA TA FO MP PP MP PK MP
------------------------------------------------------------------------------------
Alexander Nylander 0 0 0 0 0 0 0 0 0 0 0/0 0:00 0:00 0:00
Anton Blidh 1 0 1 1 0 2 2 0 0 1 0/0 15:50 5:36 0:16
Artem Zub 0 0 0 3 0 1 1 1 1 1 0/0 29:13 7:41 3:19
Austen Brassard 0 0 0 -1 2 5 1 1 0 0 0/0 12:32 0:19 0:00
Beck Malenstyn 0 0 0 0 0 0 0 0 0 0 0/0 0:00 0:00 0:00
Ben Betker 2 0 2 3 0 3 1 1 0 0 0/0 27:07 7:41 3:19
Ben Meyers 0 0 0 0 0 0 0 0 0 0 0/0 0:00 0:00 0:00
Brayden Pachal 0 0 0 0 0 0 0 0 0 0 0/0 2:06 0:00 0:00
Carson Meyer 0 0 0 1 0 1 0 0 0 0 0/0 6:00 0:00 0:00
Carter Ashton 0 0 0 1 0 3 3 1 0 0 0/1 16:12 5:36 0:56
Connor Clifton 0 0 0 -1 0 0 1 0 0 0 0/0 9:45 0:00 0:00
Corey Tropp 0 1 1 1 0 5 1 1 1 2 1/1 24:48 7:58 2:46
Daniel Audette 0 0 0 1 0 0 1 0 0 0 2/3 6:26 0:00 0:00
Fredrik Claesson 0 1 1 0 0 0 3 0 0 2 0/0 21:02 6:12 0:39
John Hayden 0 0 0 0 0 0 0 0 0 0 0/0 1:02 0:19 0:00
John Quenneville 0 0 0 1 0 2 3 0 0 0 12/16 16:12 5:36 0:56
Kevin Roy 0 0 0 -2 2 0 1 0 1 0 2/6 11:20 0:00 0:00
Kole Lind 0 0 0 0 0 0 0 0 0 0 0/0 1:02 0:19 0:00
Nicolas Roy 0 0 0 0 0 0 0 0 0 0 0/0 0:35 0:00 0:16
Niko Mikkola 0 0 0 -1 0 0 0 0 0 0 0/0 9:45 0:00 0:00
Noah Juulsen 0 1 1 0 0 1 0 3 0 0 0/0 21:02 6:12 0:39
Oskar Lindblom 0 1 1 -1 0 5 0 0 0 0 1/3 11:16 0:00 0:00
Phillip Danault 1 1 2 2 0 2 2 1 1 0 1/1 21:57 7:58 0:00
Radek Faksa 0 1 1 1 0 4 0 0 0 0 24/40 24:48 7:58 2:46
Tanner Jeannot 0 0 0 1 0 0 1 0 0 0 0/0 6:00 0:00 0:00
3 Stars
1 - Ben Betker (Pro)
2 - Phillip Danault (Pro)
3 - Anton Blidh (Pro)
Power Play
Barracuda - 0 on 2 Attempt(s) - 0.00%
Punishers - 0 on 7 Attempt(s) - 0.00%
Penalty Kill
Barracuda - 7 on 7 Attempt(s) - 100.00%
- Score 0 goal in Penalty Kill
Punishers - 2 on 2 Attempt(s) - 100.00%
- Score 0 goal in Penalty Kill
Team Stat
Barracuda - Hits : 23 - Faceoff Wins : 28 - Blocked Shots : 13 - Penalty Minutes : 14
Punishers - Hits : 21 - Faceoff Wins : 43 - Blocked Shots : 9 - Penalty Minutes : 4
Official
Referees : Brad Meier and Tim Peel
Linesman : Steve Miller and Michel Cormier
Game Notes
4:56 of 3rd period - Punishers goal is going for a video replay. After video review, Goal.
Finance
Level 1 -- Attendance: 1343 (67.15%) -- Ticket Income $53,720
Level 2 -- Attendance: 529 (52.90%) -- Ticket Income $10,580
Total Attendance: 1872 (62.40%)
Total Ticket Income: $64,300
Other Income: $3,215
Total Income: $67,515
Barracuda
5 vs 5 Forward
Center Left Wing Right Wing Time % Phy DF OF
1 Emil Pettersson William Carrier Brandon Kozun 40 0 2 3
2 Theodor Blueger Kurtis Macdermid Justin Shugg 30 0 2 3
3 Kyle Platzer Cole Ully Chris Wagner 20 1 2 2
4 Noah Gregor Alex Henriksson Mario Lucia 10 1 2 2
5 vs 5 Defense
Defense Defense Time % Phy DF OF
1 Eric Gustafsson Scott Harrington 40 1 2 2
2 Samuel Groulx Robin Norell 30 1 2 2
3 Logan Stanley Jerome Gauthier-Leduc 20 1 2 2
4 Eric Gustafsson Scott Harrington 10 1 2 2
PowerPlay Forward
Center Left Wing Right Wing Time % Phy DF OF
1 Emil Pettersson William Carrier Brandon Kozun 60 0 2 3
2 Theodor Blueger Kurtis Macdermid Justin Shugg 40 0 2 3
PowerPlay Defense
Defense Defense Time % Phy DF OF
1 Eric Gustafsson Scott Harrington 60 0 2 3
2 Samuel Groulx Robin Norell 40 0 2 3
Penalty Kill 4 Players Forward
Center Wing Time % Phy DF OF
1 Emil Pettersson William Carrier 60 1 4 0
2 Noah Gregor Kurtis Macdermid 40 1 4 0
Penalty Kill 4 Players Defense
Defense Defense Time % Phy DF OF
1 Eric Gustafsson Scott Harrington 60 1 4 0
2 Samuel Groulx Robin Norell 40 1 4 0
Penalty Kill - 3 Players Forward
Forward Time % Phy DF OF
1 Emil Pettersson 60 1 4 0
2 Noah Gregor 40 1 4 0
Penalty Kill - 3 Players Defense
Defense Defense Time % Phy DF OF
1 Eric Gustafsson Scott Harrington 60 1 4 0
2 Samuel Groulx Robin Norell 40 1 4 0
4 vs 4 Forward
Center Wing Time % Phy DF OF
1 Emil Pettersson William Carrier 60 0 2 3
2 Theodor Blueger Kurtis Macdermid 40 0 2 3
4 vs 4 Defense
Defense Defense Time % Phy DF OF
1 Eric Gustafsson Scott Harrington 60 1 2 2
2 Samuel Groulx Robin Norell 40 1 2 2
Last Minutes Offensive
Center Left Wing Right Wing Defense Defense
Emil Pettersson William Carrier Brandon Kozun Eric Gustafsson Scott Harrington
Last Minutes Defensive
Center Left Wing Right Wing Defense Defense
Emil Pettersson William Carrier Brandon Kozun Eric Gustafsson Scott Harrington
Goaltenders
Starting : Joni Ortio
Backup : Joacim Eriksson
Extra Forwards
Normal : Justin Shugg, Cole Ully, Chris Wagner - PP : Justin Shugg, Cole Ully - PK : Justin Shugg
Extra Defensemen
Normal : Robin Norell, Logan Stanley, Jerome Gauthier-Leduc - PP : Robin Norell - PK : Robin Norell, Logan Stanley
Penalty Shots
Brandon Kozun, William Carrier, Emil Pettersson, Kurtis Macdermid, Justin Shugg
Scratches
Alex Lintuniemi (Healthy), Aleksi Heponiemi (Healthy), Ben Jones (Healthy), Jacob Peterson (Healthy), Scott Reedy (Healthy)
Jaedon Descheneau (Healthy), Thomas Gobeil (Healthy), Jordan Gross (Healthy), Drew O'Connor (Healthy), Dennis Cholowski (Healthy)
Alexei Toropchenko (Healthy)
Punishers
5 vs 5 Forward
Center Left Wing Right Wing Time % Phy DF OF
1 Radek Faksa Phillip Danault Corey Tropp 40 1 2 2
2 John Quenneville Anton Blidh Carter Ashton 30 1 2 2
3 Kevin Roy Oskar Lindblom Austen Brassard 20 1 2 2
4 Daniel Audette Tanner Jeannot Carson Meyer 10 1 2 2
5 vs 5 Defense
Defense Defense Time % Phy DF OF
1 Artem Zub Ben Betker 40 1 2 2
2 Noah Juulsen Fredrik Claesson 30 1 2 2
3 Connor Clifton Niko Mikkola 20 1 2 2
4 Brayden Pachal Artem Zub 10 1 2 2
PowerPlay Forward
Center Left Wing Right Wing Time % Phy DF OF
1 Radek Faksa Phillip Danault Corey Tropp 60 1 2 2
2 John Quenneville Anton Blidh Carter Ashton 40 1 2 2
PowerPlay Defense
Defense Defense Time % Phy DF OF
1 Artem Zub Ben Betker 60 1 2 2
2 Noah Juulsen Fredrik Claesson 40 1 2 2
Penalty Kill 4 Players Forward
Center Wing Time % Phy DF OF
1 Radek Faksa Corey Tropp 60 1 2 2
2 John Quenneville Carter Ashton 40 1 2 2
Penalty Kill 4 Players Defense
Defense Defense Time % Phy DF OF
1 Artem Zub Ben Betker 60 1 2 2
2 Noah Juulsen Fredrik Claesson 40 1 2 2
Penalty Kill - 3 Players Forward
Forward Time % Phy DF OF
1 Radek Faksa 60 1 2 2
2 Corey Tropp 40 1 2 2
Penalty Kill - 3 Players Defense
Defense Defense Time % Phy DF OF
1 Artem Zub Ben Betker 60 1 2 2
2 Noah Juulsen Fredrik Claesson 40 1 2 2
4 vs 4 Forward
Center Wing Time % Phy DF OF
1 Radek Faksa Corey Tropp 60 1 2 2
2 John Quenneville Carter Ashton 40 1 2 2
4 vs 4 Defense
Defense Defense Time % Phy DF OF
1 Artem Zub Ben Betker 60 1 2 2
2 Noah Juulsen Fredrik Claesson 40 1 2 2
Last Minutes Offensive
Center Left Wing Right Wing Defense Defense
Radek Faksa Phillip Danault Corey Tropp Artem Zub Ben Betker
Last Minutes Defensive
Center Left Wing Right Wing Defense Defense
Radek Faksa Phillip Danault Corey Tropp Artem Zub Ben Betker
Goaltenders
Starting : Daniel Altshuller
Backup : Louis Domingue
Extra Forwards
Normal : John Hayden, Kole Lind, Nicolas Roy - PP : John Hayden, Kole Lind - PK : Nicolas Roy
Extra Defensemen
Normal : Connor Clifton, Niko Mikkola, Brayden Pachal - PP : Connor Clifton - PK : Niko Mikkola, Brayden Pachal
Penalty Shots
Radek Faksa, Corey Tropp, John Quenneville, Carter Ashton, Phillip Danault
Scratches
Petr Kvaca (Healthy)
% Time on Ice - Barracuda
Lines # - Real PCT - Wanted PCT - Time Play
Normal Forward
1 - 36% - 40% - 15:06
2 - 26% - 30% - 10:49
3 - 25% - 20% - 10:28
4 - 14% - 10% - 5:46
Normal Defense
1 - 41% - 40% - 17:14
2 - 35% - 30% - 14:46
3 - 22% - 20% - 9:06
4 - 2% - 10% - 1:03
PP Forward
1 - 59% - 60% - 2:21
2 - 41% - 40% - 1:37
PP Defense
1 - 73% - 60% - 2:53
2 - 27% - 40% - 1:05
PK Forward
1 - 75% - 60% - 10:22
2 - 25% - 40% - 3:31
PK Defense
1 - 64% - 60% - 8:54
2 - 36% - 40% - 4:59
PK3 Forward
1 - 0% - 60%
2 - 0% - 40%
PK3 Defense
1 - 0% - 60%
2 - 0% - 40%
44 Forward
1 - 0% - 60%
2 - 0% - 40%
44 Defense
1 - 0% - 60%
2 - 0% - 40%
Last Minute Offensive - 0:00
Last Minute Defensive - 0:00
Total
Forward - 60:00
Defense - 60:00
|
% Time on Ice - Punishers
Lines # - Real PCT - Wanted PCT - Time Play
Normal Forward
1 - 36% - 40% - 15:13
2 - 23% - 30% - 9:40
3 - 27% - 20% - 11:16
4 - 14% - 10% - 6:00
Normal Defense
1 - 38% - 40% - 16:07
2 - 34% - 30% - 14:11
3 - 23% - 20% - 9:45
4 - 5% - 10% - 2:06
PP Forward
1 - 60% - 60% - 8:17
2 - 40% - 40% - 5:36
PP Defense
1 - 55% - 60% - 7:41
2 - 45% - 40% - 6:12
PK Forward
1 - 76% - 60% - 3:02
2 - 24% - 40% - 0:56
PK Defense
1 - 84% - 60% - 3:19
2 - 16% - 40% - 0:39
PK3 Forward
1 - 0% - 60%
2 - 0% - 40%
PK3 Defense
1 - 0% - 60%
2 - 0% - 40%
44 Forward
1 - 0% - 60%
2 - 0% - 40%
44 Defense
1 - 0% - 60%
2 - 0% - 40%
Last Minute Offensive - 0:00
Last Minute Defensive - 0:00
Total
Forward - 60:00
Defense - 60:00
|
Play-by-Play
1st period
0:01 of 1st period - Emil Pettersson wins face-off versus Radek Faksa in neutral zone.
0:16 of 1st period - Snap shot by William Carrier.
0:16 of 1st period - Shot Misses the Net.
0:58 of 1st period - Kevin Roy is hit by Chris Wagner and loses puck.
1:28 of 1st period - William Carrier is hit by Ben Betker and loses puck.
1:35 of 1st period - Slapshot by Corey Tropp.
1:35 of 1st period - Stopped by Joni Ortio without a rebound.
1:36 of 1st period - John Quenneville wins face-off versus Theodor Blueger in Barracuda zone.
2:20 of 1st period - Wrist shot by Oskar Lindblom.
2:20 of 1st period - Shot Misses the Net.
2:22 of 1st period - Slapshot by Connor Clifton.
2:22 of 1st period - Shot Blocked by Jerome Gauthier-Leduc.
2:28 of 1st period - Snap shot by Austen Brassard.
2:28 of 1st period - Stopped by Joni Ortio without a rebound.
2:29 of 1st period - Radek Faksa wins face-off versus Emil Pettersson in Barracuda zone.
2:54 of 1st period - Slapshot by Anton Blidh.
2:54 of 1st period - Shot Misses the Net.
3:42 of 1st period - Wrist shot by Oskar Lindblom.
3:42 of 1st period - Stopped by Joni Ortio with a rebound.
3:44 of 1st period - Snap shot by Fredrik Claesson.
3:44 of 1st period - Shot Blocked by Eric Gustafsson.
3:46 of 1st period - Snap shot by Austen Brassard.
3:46 of 1st period - Stopped by Joni Ortio with a rebound.
5:06 of 1st period - Jerome Gauthier-Leduc is hit by Daniel Audette.
5:20 of 1st period - Radek Faksa is hit by Logan Stanley and loses puck.
5:49 of 1st period - Jerome Gauthier-Leduc is hit by Carter Ashton and loses puck.
6:03 of 1st period - Off-side.
6:04 of 1st period - Kevin Roy wins face-off versus Noah Gregor in neutral zone.
6:33 of 1st period - Snap shot by Corey Tropp.
6:33 of 1st period - Stopped by Joni Ortio with a rebound.
7:07 of 1st period - Artem Zub is hit by Cole Ully and loses puck.
7:34 of 1st period - Snap shot by William Carrier.
7:34 of 1st period - Shot Misses the Net.
7:36 of 1st period - Snap shot by William Carrier.
7:36 of 1st period - Shot Misses the Net.
7:38 of 1st period - Snap shot by Emil Pettersson.
7:38 of 1st period - Shot Misses the Net.
7:52 of 1st period - Slapshot by Eric Gustafsson.
7:52 of 1st period - Stopped by Daniel Altshuller with a rebound.
7:54 of 1st period - Slapshot by Eric Gustafsson.
7:54 of 1st period - Shot Blocked by Corey Tropp.
7:56 of 1st period - Slapshot by Mario Lucia.
7:56 of 1st period - Stopped by Daniel Altshuller with a rebound.
7:58 of 1st period - Snap shot by Scott Harrington.
7:58 of 1st period - Stopped by Daniel Altshuller without a rebound.
7:59 of 1st period - John Quenneville wins face-off versus Emil Pettersson in Punishers zone.
8:26 of 1st period - Corey Tropp is hit by Theodor Blueger and loses puck.
8:35 of 1st period - Wrist shot by Justin Shugg.
8:35 of 1st period - Shot Misses the Net.
9:54 of 1st period - Snap shot by Eric Gustafsson.
9:54 of 1st period - Stopped by Daniel Altshuller with a rebound.
9:56 of 1st period - Slapshot by Theodor Blueger.
9:56 of 1st period - Stopped by Daniel Altshuller with a rebound.
9:58 of 1st period - Wrist shot by Kurtis Macdermid.
9:58 of 1st period - Shot Misses the Net.
10:14 of 1st period - Snap shot by Phillip Danault.
10:14 of 1st period - Stopped by Joni Ortio without a rebound.
10:15 of 1st period - Radek Faksa wins face-off versus Kyle Platzer in Barracuda zone.
10:18 of 1st period - Snap shot by Radek Faksa.
10:18 of 1st period - Stopped by Joni Ortio with a rebound.
10:20 of 1st period - Minor Penalty to Logan Stanley for High sticking.
10:21 of 1st period - Radek Faksa wins face-off versus Emil Pettersson in Barracuda zone.
12:15 of 1st period - Corey Tropp is hit by Noah Gregor and loses puck.
12:20 of 1st period - Penalty to Logan Stanley is over, Logan Stanley is back on ice.
12:53 of 1st period - Wrist shot by Kyle Platzer.
12:53 of 1st period - Stopped by Daniel Altshuller without a rebound.
12:54 of 1st period - Kevin Roy wins face-off versus Kyle Platzer in Punishers zone.
13:07 of 1st period - Snap shot by Oskar Lindblom.
13:07 of 1st period - Shot Misses the Net.
13:27 of 1st period - Wrist shot by Daniel Audette.
13:27 of 1st period - Shot Misses the Net.
13:29 of 1st period - Snap shot by Daniel Audette.
13:29 of 1st period - Deflect By Carson Meyer.
13:29 of 1st period - Stopped by Joni Ortio without a rebound.
13:30 of 1st period - Emil Pettersson wins face-off versus Radek Faksa in Barracuda zone.
13:30 of 1st period - Emil Pettersson is hit by Artem Zub.
14:16 of 1st period - Slapshot by Noah Gregor.
14:16 of 1st period - Stopped by Daniel Altshuller with a rebound.
15:02 of 1st period - Minor Penalty to Chris Wagner for Interference.
15:03 of 1st period - Radek Faksa wins face-off versus Emil Pettersson in Barracuda zone.
16:24 of 1st period - Robin Norell is hit by Phillip Danault and loses puck.
16:57 of 1st period - Scott Harrington is hit by Fredrik Claesson and loses puck.
17:02 of 1st period - Penalty to Chris Wagner is over, Chris Wagner is back on ice.
17:08 of 1st period - Wrist shot by Austen Brassard.
17:08 of 1st period - Stopped by Joni Ortio with a rebound.
17:10 of 1st period - Wrist shot by Austen Brassard.
17:10 of 1st period - Shot Blocked by Scott Harrington.
17:28 of 1st period - Snap shot by Artem Zub.
17:28 of 1st period - Stopped by Joni Ortio without a rebound.
17:29 of 1st period - Emil Pettersson wins face-off versus Kevin Roy in Barracuda zone.
17:42 of 1st period - Kevin Roy is hit by Robin Norell.
18:18 of 1st period - Snap shot by Kyle Platzer.
18:18 of 1st period - Stopped by Daniel Altshuller without a rebound.
18:19 of 1st period - Emil Pettersson wins face-off versus Radek Faksa in Punishers zone.
18:22 of 1st period - Wrist shot by Brandon Kozun.
18:22 of 1st period - Stopped by Daniel Altshuller without a rebound.
18:23 of 1st period - Radek Faksa wins face-off versus Emil Pettersson in Punishers zone.
18:28 of 1st period - Snap shot by Phillip Danault.
18:28 of 1st period - Shot Misses the Net.
18:30 of 1st period - Slapshot by Noah Juulsen.
18:30 of 1st period - Stopped by Joni Ortio without a rebound.
18:31 of 1st period - Emil Pettersson wins face-off versus Radek Faksa in Barracuda zone.
18:46 of 1st period - Noah Juulsen is hit by William Carrier and loses puck.
18:57 of 1st period - Scott Harrington is hit by Carter Ashton.
19:19 of 1st period - Snap shot by Chris Wagner.
19:19 of 1st period - Shot Blocked by Austen Brassard.
19:27 of 1st period - Wrist shot by Kyle Platzer.
19:27 of 1st period - Stopped by Daniel Altshuller without a rebound.
19:28 of 1st period - Emil Pettersson wins face-off versus Radek Faksa in Punishers zone.
19:54 of 1st period - Off-side.
19:55 of 1st period - John Quenneville wins face-off versus Theodor Blueger in neutral zone.
19:58 of 1st period - Slapshot by Noah Juulsen.
19:58 of 1st period - Shot Blocked by Scott Harrington.
Goals for this period are 0 for Barracuda vs 0 for Punishers.
Shots for this period are 10 for Barracuda vs 11 for Punishers.
2nd period
0:01 of 2nd period - Radek Faksa wins face-off versus Brandon Kozun in neutral zone.
0:06 of 2nd period - Snap shot by Radek Faksa.
0:06 of 2nd period - Deflect By Scott Harrington.
0:06 of 2nd period - Shot Misses the Net.
0:06 of 2nd period - Puck is out of play.
0:07 of 2nd period - Radek Faksa wins face-off versus Emil Pettersson in Barracuda zone.
0:14 of 2nd period - Snap shot by Emil Pettersson.
0:14 of 2nd period - Shot Misses the Net.
0:36 of 2nd period - Snap shot by Kurtis Macdermid.
0:36 of 2nd period - Shot Blocked by Carter Ashton.
0:38 of 2nd period - Wrist shot by Kurtis Macdermid.
0:38 of 2nd period - Stopped by Daniel Altshuller with a rebound.
0:40 of 2nd period - Backhand shot by Kurtis Macdermid.
0:40 of 2nd period - Stopped by Daniel Altshuller without a rebound.
0:41 of 2nd period - Radek Faksa wins face-off versus Emil Pettersson in Punishers zone.
0:45 of 2nd period - Off-side.
0:46 of 2nd period - Radek Faksa wins face-off versus Emil Pettersson in neutral zone.
1:08 of 2nd period - Minor Penalty to William Carrier for Cross-checking.
1:09 of 2nd period - Radek Faksa wins face-off versus Emil Pettersson in Barracuda zone.
1:16 of 2nd period - Snap shot by Phillip Danault.
1:16 of 2nd period - Shot Misses the Net.
2:29 of 2nd period - Corey Tropp is hit by Kyle Platzer and loses puck.
3:08 of 2nd period - Penalty to William Carrier is over, William Carrier is back on ice.
3:16 of 2nd period - Snap shot by Emil Pettersson.
3:16 of 2nd period - Shot Blocked by Noah Juulsen.
3:28 of 2nd period - Samuel Groulx is hit by Fredrik Claesson and loses puck.
4:06 of 2nd period - Kurtis Macdermid is hit by Anton Blidh.
4:09 of 2nd period - Off-side.
4:10 of 2nd period - Radek Faksa wins face-off versus Theodor Blueger in neutral zone.
4:21 of 2nd period - Wrist shot by Radek Faksa.
4:21 of 2nd period - Shot Hit the Post.
4:23 of 2nd period - Snap shot by Corey Tropp.
4:23 of 2nd period - Shot Misses the Net.
4:25 of 2nd period - Slapshot by Ben Betker.
4:25 of 2nd period - Shot Blocked by Theodor Blueger.
4:35 of 2nd period - Cole Ully is hit by Carter Ashton.
4:43 of 2nd period - Backhand shot by John Quenneville.
4:43 of 2nd period - Shot Misses the Net.
5:24 of 2nd period - Wrist shot by Oskar Lindblom.
5:24 of 2nd period - Stopped by Joni Ortio with a rebound.
5:36 of 2nd period - Slapshot by Theodor Blueger.
5:36 of 2nd period - Shot Misses the Net.
5:38 of 2nd period - Snap shot by William Carrier.
5:38 of 2nd period - Stopped by Daniel Altshuller with a rebound.
5:40 of 2nd period - Snap shot by Emil Pettersson.
5:40 of 2nd period - Shot Misses the Net.
5:42 of 2nd period - Slapshot by Jerome Gauthier-Leduc.
5:42 of 2nd period - Shot Misses the Net.
5:44 of 2nd period - Slapshot by Jerome Gauthier-Leduc.
5:44 of 2nd period - Stopped by Daniel Altshuller without a rebound.
5:45 of 2nd period - John Quenneville wins face-off versus Kyle Platzer in Punishers zone.
6:17 of 2nd period - Snap shot by William Carrier.
6:17 of 2nd period - Shot Misses the Net.
6:19 of 2nd period - Slapshot by Eric Gustafsson.
6:19 of 2nd period - Shot Misses the Net.
6:34 of 2nd period - Off-side.
6:35 of 2nd period - Theodor Blueger wins face-off versus Kevin Roy in neutral zone.
6:51 of 2nd period - Snap shot by Oskar Lindblom.
6:51 of 2nd period - Stopped by Joni Ortio without a rebound.
6:52 of 2nd period - Radek Faksa wins face-off versus Emil Pettersson in Barracuda zone.
7:07 of 2nd period - Snap shot by Radek Faksa.
7:07 of 2nd period - Deflect By Phillip Danault.
7:07 of 2nd period - Shot Blocked by Brandon Kozun.
7:07 of 2nd period - Puck is out of play.
7:08 of 2nd period - Theodor Blueger wins face-off versus John Quenneville in Barracuda zone.
7:13 of 2nd period - Slapshot by John Quenneville.
7:13 of 2nd period - Shot Blocked by Scott Harrington.
7:15 of 2nd period - Wrist shot by John Quenneville.
7:15 of 2nd period - Stopped by Joni Ortio with a rebound.
7:18 of 2nd period - Icing by Kurtis Macdermid.
7:19 of 2nd period - Radek Faksa wins face-off versus Theodor Blueger in Barracuda zone.
7:22 of 2nd period - Snap shot by Radek Faksa.
7:22 of 2nd period - Stopped by Joni Ortio without a rebound.
7:23 of 2nd period - Emil Pettersson wins face-off versus Radek Faksa in Barracuda zone.
7:27 of 2nd period - Off-side.
7:28 of 2nd period - Radek Faksa wins face-off versus Emil Pettersson in neutral zone.
8:05 of 2nd period - Snap shot by Corey Tropp.
8:05 of 2nd period - Stopped by Joni Ortio with a rebound.
8:07 of 2nd period - Slapshot by Ben Betker.
8:07 of 2nd period - Stopped by Joni Ortio without a rebound.
8:08 of 2nd period - Theodor Blueger wins face-off versus John Quenneville in Barracuda zone.
8:19 of 2nd period - Snap shot by Kurtis Macdermid.
8:19 of 2nd period - Shot Misses the Net.
8:21 of 2nd period - Slapshot by Robin Norell.
8:21 of 2nd period - Stopped by Daniel Altshuller with a rebound.
8:23 of 2nd period - Slapshot by Samuel Groulx.
8:23 of 2nd period - Shot Misses the Net.
8:33 of 2nd period - Carter Ashton is hit by Alex Henriksson and loses puck.
9:15 of 2nd period - Anton Blidh is hit by Logan Stanley and loses puck.
9:20 of 2nd period - Snap shot by Cole Ully.
9:20 of 2nd period - Stopped by Daniel Altshuller without a rebound.
9:21 of 2nd period - Emil Pettersson wins face-off versus Radek Faksa in Punishers zone.
9:26 of 2nd period - Snap shot by Emil Pettersson.
9:26 of 2nd period - Stopped by Daniel Altshuller with a rebound.
9:49 of 2nd period - Kevin Roy is hit by Theodor Blueger and loses puck.
10:08 of 2nd period - Slapshot by Ben Betker.
10:08 of 2nd period - Goal by Ben Betker - Barracuda : 0 - Punishers : 1.
10:09 of 2nd period - Radek Faksa wins face-off versus Brandon Kozun in neutral zone.
10:12 of 2nd period - Wrist shot by Corey Tropp.
10:12 of 2nd period - Stopped by Joni Ortio with a rebound.
10:34 of 2nd period - Justin Shugg is hit by Anton Blidh and loses puck.
10:45 of 2nd period - Wrist shot by Justin Shugg.
10:45 of 2nd period - Shot Misses the Net.
10:53 of 2nd period - Samuel Groulx is hit by John Quenneville and loses puck.
11:34 of 2nd period - Slapshot by Mario Lucia.
11:34 of 2nd period - Shot Blocked by Phillip Danault.
11:36 of 2nd period - Wrist shot by Mario Lucia.
11:36 of 2nd period - Shot Blocked by Ben Betker.
11:46 of 2nd period - Scott Harrington is hit by Tanner Jeannot and loses puck.
12:16 of 2nd period - Slapshot by Austen Brassard.
12:16 of 2nd period - Shot Misses the Net.
12:18 of 2nd period - Wrist shot by Austen Brassard.
12:18 of 2nd period - Stopped by Joni Ortio without a rebound.
12:19 of 2nd period - Kyle Platzer wins face-off versus Oskar Lindblom in Barracuda zone.
12:19 of 2nd period - Kyle Platzer is hit by Austen Brassard.
12:25 of 2nd period - Slapshot by Chris Wagner.
12:25 of 2nd period - Goal by Chris Wagner - Barracuda : 1 - Punishers : 1.
12:26 of 2nd period - Emil Pettersson wins face-off versus Radek Faksa in neutral zone.
13:08 of 2nd period - Slapshot by Brandon Kozun.
13:08 of 2nd period - Stopped by Daniel Altshuller without a rebound.
13:09 of 2nd period - John Quenneville wins face-off versus Theodor Blueger in Punishers zone.
13:18 of 2nd period - Wrist shot by John Quenneville.
13:18 of 2nd period - Shot Misses the Net.
13:36 of 2nd period - Cole Ully is hit by Phillip Danault and loses puck.
13:55 of 2nd period - Wrist shot by Oskar Lindblom.
13:55 of 2nd period - Stopped by Joni Ortio without a rebound.
13:56 of 2nd period - Noah Gregor wins face-off versus Oskar Lindblom in Barracuda zone.
14:34 of 2nd period - Snap shot by Oskar Lindblom.
14:34 of 2nd period - Stopped by Joni Ortio without a rebound.
14:35 of 2nd period - Radek Faksa wins face-off versus Emil Pettersson in Barracuda zone.
15:27 of 2nd period - Slapshot by Anton Blidh.
15:27 of 2nd period - Shot Misses the Net.
15:31 of 2nd period - Wrist shot by John Quenneville.
15:31 of 2nd period - Stopped by Joni Ortio without a rebound.
15:32 of 2nd period - John Quenneville wins face-off versus Emil Pettersson in Barracuda zone.
15:33 of 2nd period - Backhand shot by Carter Ashton.
15:33 of 2nd period - Stopped by Joni Ortio without a rebound.
15:34 of 2nd period - Emil Pettersson wins face-off versus John Quenneville in Barracuda zone.
15:47 of 2nd period - Robin Norell is hit by John Quenneville and loses puck.
15:57 of 2nd period - Icing by Samuel Groulx.
15:58 of 2nd period - Oskar Lindblom wins face-off versus Theodor Blueger in Barracuda zone.
17:01 of 2nd period - Cole Ully is hit by Connor Clifton and loses puck.
17:10 of 2nd period - Minor Penalty to Scott Harrington for Cross-checking.
17:11 of 2nd period - Radek Faksa wins face-off versus Emil Pettersson in Barracuda zone.
17:24 of 2nd period - Wrist shot by Corey Tropp.
17:24 of 2nd period - Shot Misses the Net.
17:56 of 2nd period - Icing by Ben Betker.
17:57 of 2nd period - Radek Faksa wins face-off versus Noah Gregor in Punishers zone.
18:27 of 2nd period - Robin Norell is hit by Fredrik Claesson and loses puck.
19:01 of 2nd period - Artem Zub is hit by Logan Stanley and loses puck.
19:10 of 2nd period - Penalty to Scott Harrington is over, Scott Harrington is back on ice.
19:23 of 2nd period - Minor Penalty to Kevin Roy for Holding.
19:24 of 2nd period - Radek Faksa wins face-off versus Emil Pettersson in Punishers zone.
19:24 of 2nd period - Radek Faksa is hit by William Carrier.
Goals for this period are 1 for Barracuda vs 1 for Punishers.
Shots for this period are 9 for Barracuda vs 13 for Punishers.
3rd period
0:01 of 3rd period - Emil Pettersson wins face-off versus Radek Faksa in neutral zone.
0:16 of 3rd period - Slapshot by Eric Gustafsson.
0:16 of 3rd period - Stopped by Daniel Altshuller without a rebound.
0:17 of 3rd period - Emil Pettersson wins face-off versus Radek Faksa in Punishers zone.
1:23 of 3rd period - Penalty to Kevin Roy is over, Kevin Roy is back on ice.
1:27 of 3rd period - Snap shot by Cole Ully.
1:27 of 3rd period - Goal by Cole Ully - Barracuda : 2 - Punishers : 1.
1:28 of 3rd period - John Quenneville wins face-off versus Emil Pettersson in neutral zone.
1:31 of 3rd period - Wrist shot by Anton Blidh.
1:31 of 3rd period - Stopped by Joni Ortio without a rebound.
1:32 of 3rd period - John Quenneville wins face-off versus Emil Pettersson in Barracuda zone.
2:31 of 3rd period - Noah Juulsen is hit by Scott Harrington and loses puck.
2:52 of 3rd period - Wrist shot by Alex Henriksson.
2:52 of 3rd period - Stopped by Daniel Altshuller with a rebound.
2:54 of 3rd period - Slapshot by Alex Henriksson.
2:54 of 3rd period - Shot Misses the Net.
3:31 of 3rd period - Snap shot by Kurtis Macdermid.
3:31 of 3rd period - Stopped by Daniel Altshuller with a rebound.
3:33 of 3rd period - Slapshot by Kurtis Macdermid.
3:33 of 3rd period - Stopped by Daniel Altshuller with a rebound.
3:54 of 3rd period - Snap shot by Radek Faksa.
3:54 of 3rd period - Stopped by Joni Ortio with a rebound.
3:56 of 3rd period - Slapshot by Radek Faksa.
3:56 of 3rd period - Shot Blocked by Jerome Gauthier-Leduc.
3:58 of 3rd period - Slapshot by Radek Faksa.
3:58 of 3rd period - Shot Blocked by Alex Henriksson.
4:00 of 3rd period - Wrist shot by Phillip Danault.
4:00 of 3rd period - Goal by Phillip Danault - Barracuda : 2 - Punishers : 2.
4:01 of 3rd period - John Quenneville wins face-off versus Emil Pettersson in neutral zone.
4:26 of 3rd period - Kevin Roy is hit by Scott Harrington.
4:54 of 3rd period - Slapshot by Corey Tropp.
4:54 of 3rd period - Stopped by Joni Ortio with a rebound.
4:56 of 3rd period - Slapshot by Ben Betker.
4:56 of 3rd period - Deflect By Cole Ully.
4:56 of 3rd period - Punishers goal is going for a video replay.
4:56 of 3rd period - The goal is good.
4:56 of 3rd period - Goal by Ben Betker - Barracuda : 2 - Punishers : 3.
4:57 of 3rd period - Emil Pettersson wins face-off versus Radek Faksa in neutral zone.
4:59 of 3rd period - Minor Penalty to William Carrier for Hooking.
5:00 of 3rd period - Emil Pettersson wins face-off versus Radek Faksa in Barracuda zone.
5:04 of 3rd period - Snap shot by Eric Gustafsson.
5:04 of 3rd period - Stopped by Daniel Altshuller without a rebound.
5:05 of 3rd period - Phillip Danault wins face-off versus Emil Pettersson in Punishers zone.
5:07 of 3rd period - Icing by Artem Zub.
5:08 of 3rd period - Radek Faksa wins face-off versus Emil Pettersson in Punishers zone.
5:13 of 3rd period - Wrist shot by Corey Tropp.
5:13 of 3rd period - Shot Blocked by Justin Shugg.
5:15 of 3rd period - Snap shot by Radek Faksa.
5:15 of 3rd period - Shot Blocked by Justin Shugg.
5:41 of 3rd period - Wrist shot by Carter Ashton.
5:41 of 3rd period - Deflect By Justin Shugg.
5:41 of 3rd period - Stopped by Joni Ortio without a rebound.
5:42 of 3rd period - Emil Pettersson wins face-off versus Radek Faksa in Barracuda zone.
6:59 of 3rd period - Penalty to William Carrier is over, William Carrier is back on ice.
7:14 of 3rd period - Minor Penalty to Logan Stanley for Close Hand On Puck.
7:15 of 3rd period - Emil Pettersson wins face-off versus Radek Faksa in Barracuda zone.
7:25 of 3rd period - Slapshot by Artem Zub.
7:25 of 3rd period - Shot Blocked by Scott Harrington.
7:40 of 3rd period - Wrist shot by Kurtis Macdermid.
7:40 of 3rd period - Shot Misses the Net.
7:42 of 3rd period - Wrist shot by Kurtis Macdermid.
7:42 of 3rd period - Shot Blocked by Artem Zub.
7:44 of 3rd period - Wrist shot by Noah Gregor.
7:44 of 3rd period - Stopped by Daniel Altshuller without a rebound.
7:45 of 3rd period - John Quenneville wins face-off versus Emil Pettersson in Punishers zone.
7:45 of 3rd period - John Quenneville is hit by Emil Pettersson.
7:59 of 3rd period - Snap shot by Anton Blidh.
7:59 of 3rd period - Shot Misses the Net.
8:01 of 3rd period - Slapshot by Noah Juulsen.
8:01 of 3rd period - Shot Hit the Post.
8:13 of 3rd period - Slapshot by Samuel Groulx.
8:13 of 3rd period - Shot Misses the Net.
8:15 of 3rd period - Wrist shot by Noah Gregor.
8:15 of 3rd period - Shot Misses the Net.
8:17 of 3rd period - Wrist shot by Samuel Groulx.
8:17 of 3rd period - Stopped by Daniel Altshuller with a rebound.
8:19 of 3rd period - Snap shot by Kurtis Macdermid.
8:19 of 3rd period - Stopped by Daniel Altshuller with a rebound.
8:35 of 3rd period - Slapshot by Noah Juulsen.
8:35 of 3rd period - Shot Misses the Net.
8:59 of 3rd period - Off-side.
9:00 of 3rd period - John Quenneville wins face-off versus Justin Shugg in neutral zone.
9:14 of 3rd period - Penalty to Logan Stanley is over, Logan Stanley is back on ice.
9:41 of 3rd period - Minor Penalty to Austen Brassard for Hooking.
9:42 of 3rd period - Emil Pettersson wins face-off versus Radek Faksa in Punishers zone.
9:55 of 3rd period - Brandon Kozun is hit by Corey Tropp and loses puck.
10:02 of 3rd period - Radek Faksa is hit by Scott Harrington and loses puck.
10:23 of 3rd period - Off-side.
10:24 of 3rd period - John Quenneville wins face-off versus Emil Pettersson in neutral zone.
10:27 of 3rd period - Slapshot by Noah Juulsen.
10:27 of 3rd period - Deflect By Carter Ashton.
10:27 of 3rd period - Stopped by Joni Ortio without a rebound.
10:28 of 3rd period - Emil Pettersson wins face-off versus John Quenneville in Barracuda zone.
10:35 of 3rd period - Slapshot by Brandon Kozun.
10:35 of 3rd period - Shot Blocked by Noah Juulsen.
10:37 of 3rd period - Snap shot by William Carrier.
10:37 of 3rd period - Stopped by Daniel Altshuller without a rebound.
10:38 of 3rd period - Radek Faksa wins face-off versus Emil Pettersson in Punishers zone.
11:13 of 3rd period - Wrist shot by Kurtis Macdermid.
11:13 of 3rd period - Stopped by Daniel Altshuller with a rebound.
11:15 of 3rd period - Snap shot by Theodor Blueger.
11:15 of 3rd period - Shot Misses the Net.
11:37 of 3rd period - Samuel Groulx is hit by John Quenneville and loses puck.
11:41 of 3rd period - Penalty to Austen Brassard is over, Austen Brassard is back on ice.
12:01 of 3rd period - Off-side.
12:02 of 3rd period - Emil Pettersson wins face-off versus Kevin Roy in neutral zone.
12:21 of 3rd period - Minor Penalty to William Carrier for Diving.
12:22 of 3rd period - Radek Faksa wins face-off versus Emil Pettersson in Barracuda zone.
12:38 of 3rd period - Slapshot by Radek Faksa.
12:38 of 3rd period - Stopped by Joni Ortio without a rebound.
12:39 of 3rd period - Emil Pettersson wins face-off versus Carter Ashton in Barracuda zone.
14:21 of 3rd period - Penalty to William Carrier is over, William Carrier is back on ice.
14:25 of 3rd period - Wrist shot by William Carrier.
14:25 of 3rd period - Shot Misses the Net.
14:31 of 3rd period - Snap shot by Oskar Lindblom.
14:31 of 3rd period - Shot Blocked by Kurtis Macdermid.
14:52 of 3rd period - Tanner Jeannot is hit by William Carrier and loses puck.
14:58 of 3rd period - Off-side.
14:59 of 3rd period - Kyle Platzer wins face-off versus Kevin Roy in neutral zone.
15:24 of 3rd period - Phillip Danault is hit by Justin Shugg and loses puck.
15:55 of 3rd period - Snap shot by Anton Blidh.
15:55 of 3rd period - Goal by Anton Blidh - Barracuda : 2 - Punishers : 4.
15:56 of 3rd period - Corey Tropp wins face-off versus Kyle Platzer in neutral zone.
16:28 of 3rd period - Scott Harrington is hit by Kevin Roy and loses puck.
16:46 of 3rd period - Slapshot by Eric Gustafsson.
16:46 of 3rd period - Deflect By Noah Gregor.
16:46 of 3rd period - Stopped by Daniel Altshuller without a rebound.
16:47 of 3rd period - Noah Gregor wins face-off versus Daniel Audette in Punishers zone.
16:48 of 3rd period - Wrist shot by Alex Henriksson.
16:48 of 3rd period - Shot Misses the Net.
16:50 of 3rd period - Snap shot by Alex Henriksson.
16:50 of 3rd period - Shot Misses the Net.
16:52 of 3rd period - Wrist shot by Noah Gregor.
16:52 of 3rd period - Stopped by Daniel Altshuller without a rebound.
16:53 of 3rd period - Kyle Platzer wins face-off versus Radek Faksa in Punishers zone.
17:04 of 3rd period - Slapshot by Chris Wagner.
17:04 of 3rd period - Shot Misses the Net.
17:06 of 3rd period - Slapshot by Robin Norell.
17:06 of 3rd period - Deflect By Cole Ully.
17:06 of 3rd period - Shot Blocked by Noah Juulsen.
17:06 of 3rd period - Puck is out of play.
17:07 of 3rd period - Radek Faksa wins face-off versus William Carrier in Punishers zone.
17:07 of 3rd period - Radek Faksa is hit by William Carrier.
17:22 of 3rd period - Artem Zub is hit by Eric Gustafsson and loses puck.
17:39 of 3rd period - Off-side.
17:40 of 3rd period - Daniel Audette wins face-off versus Kyle Platzer in neutral zone.
17:40 of 3rd period - Daniel Audette is hit by Robin Norell.
17:58 of 3rd period - Wrist shot by Daniel Audette.
17:58 of 3rd period - Shot Misses the Net.
18:22 of 3rd period - Wrist shot by Austen Brassard.
18:22 of 3rd period - Stopped by Joni Ortio without a rebound.
18:23 of 3rd period - Radek Faksa wins face-off versus Emil Pettersson in Barracuda zone.
19:17 of 3rd period - Connor Clifton is hit by Cole Ully and loses puck.
19:56 of 3rd period - Icing by Austen Brassard.
19:57 of 3rd period - Daniel Audette wins face-off versus Emil Pettersson in Punishers zone.
Goals for this period are 1 for Barracuda vs 3 for Punishers.
Shots for this period are 13 for Barracuda vs 10 for Punishers.
Output by the SimonT Hockey Simulator (STHS) for Francois Prevost